 Dungeon Crawl Stone Soup version 0.28-a0-268-g3f656e82c2 (webtiles) character file.

Game seed: 14341686153319691365

12931 capybara the Covert (level 11, -7/47 HPs)
             Began as a Spriggan Conjurer on Aug 29, 2021.
             Was a Follower of Vehumet.
             Killed by the air
             ... invoked by a wind drake
              (16 damage)
             ... on level 3 of the Lair of Beasts.
             The game lasted 00:42:03 (22251 turns).

capybara the Covert (Spriggan Conjurer)            Turns: 22251, Time: 00:42:04

Health: -7/47      AC:  3    Str:  0 (3)  XL:     11   Next: 68%
Magic:  7/24       EV: 21    Int: 20 (23) God:    Vehumet [*.....]
Gold:   658        SH:  0    Dex: 11 (14) Spells: 16/26 levels left

rFire   . . .      SeeInvis +   h - +2 dagger (venom)
rCold   + . .      Faith    .   (shield restricted)
rNeg    . . .      Spirit   .   a - +0 robe
rPois   +          Reflect  .   (helmet restricted)
rElec   .          Harm     .   F - +0 cloak
rCorr   .          Rampage  .   (gloves unavailable)
Will    +....                   (boots unavailable)
Stlth   +++++.....              E - amulet of regeneration
HPRegen 0.00/turn               o - ring of poison resistance
MPRegen 0.19/turn               C - ring of protection from cold

@: on berserk cooldown, inhibited regen, slowed, lost strength, quick
A: very small, no large weapons, unfitting armour, see invisible, speed 3
a: Renounce Religion


You were on level 3 of the Lair of Beasts.
You worshipped Vehumet.
Vehumet was aware of your devotion.
You visited 3 branches of the dungeon, and saw 15 of its levels.
You also visited: Ossuary and Ice Cave.

You collected 658 gold pieces.

Inventory:

Hand Weapons
 h - a +2 dagger of venom (weapon)
 i - a +0 long sword
Missiles
 p - 241 stones
 H - 11 poisoned darts
 L - 6 boomerangs
Armour
 a - a +0 robe (worn)
 F - a +0 cloak (worn)
Magical Staves
 r - a staff of air
Jewellery
 d - a ring of resist corrosion
 o - a ring of poison resistance (left hand)
 B - an amulet of guardian spirit
 C - a ring of protection from cold (right hand)
 E - an amulet of regeneration (around neck)
 I - a +4 ring of protection
Wands
 k - a wand of flame (36)
 t - a wand of mindburst (35)
 y - a wand of iceblast (15)
 J - a wand of paralysis (2)
 K - a wand of digging (5)
Scrolls
 e - 2 scrolls of enchant weapon
 j - a scroll of blinking {unknown}
 n - 3 scrolls of teleportation
 q - a scroll of brand weapon {unknown}
 s - 3 scrolls of vulnerability {unknown}
 v - 2 scrolls of amnesia
 D - a scroll of enchant armour {unknown}
 G - a scroll of fog {unknown}
Potions
 b - 5 potions of heal wounds
 c - 4 potions of attraction {unknown}
 f - 4 potions of haste {unknown}
 l - 2 potions of berserk rage
 m - 3 potions of lignification
 u - 2 potions of flight {unknown}
 w - 4 potions of might {unknown}
 x - a potion of cancellation
 z - 2 potions of invisibility
 A - 2 potions of magic


   Skills:
 + Level 10.1 Dodging
 + Level 11.9 Stealth
 - Level 8.4 Spellcasting
 * Level 9.3 Conjurations
 + Level 3.4 Summonings
 + Level 6.6 Earth Magic


You had 16 spell levels left.
You knew the following spells:

 Your Spells              Type           Power      Damage    Failure   Level
a - Magic Dart            Conj           100%       1d8       1%          1
b - Searing Ray           Conj           90%        3d6       1%          2
c - Stone Arrow           Conj/Erth      80%        3d12      1%          3
d - Animate Armour        Summ/Erth      56%        N/A       10%         4

Your spell library contained the following spells:

 Spells                   Type           Power      Damage    Failure   Level
 Sandblast                Erth           70%        2d15      1%          1
 Dazzling Flash           Conj/Hex       54%        N/A       3%          3
 Slow                     Hex            8%         N/A       12%         2
 Fulminant Prism          Conj/Hex       13%        3d9       12%         4
 Iskenderun's Mystic Bla  Conj/Tloc      27%        2d7       12%         4
 Confusing Touch          Hex            8%         N/A       24%         3
 Portal Projectile        Hex/Tloc       16%        N/A       24%         3
 Bolt of Magma            Conj/Fire/Erth 14%        4d8       26%         5
 Blade Hands              Tmut           4%         N/A       92%         5
 Excruciating Wounds      Necr           4%         N/A       92%         5
 Yara's Violent Unravell  Hex/Tmut       4%         3d4       92%         5
 Lehudib's Crystal Spear  Conj/Erth      20%        10d6      100%        8
 Shatter                  Erth           17%        3d16*     100%        9


Dungeon Overview and Level Annotations

Branches:
Dungeon (11/15)            Temple (1/1) D:7            Lair (3/6) D:8
 Shoals (0/4) Lair:3      Ossuary (visited)           IceCv (visited)
  Snake: Lair:2-4    Spider: Lair:2-4       Orc: D:9-12

Altars:
Ashenzari
Cheibriados
Dithmenos
Elyvilon
Fedhas
Gozag
Hepliaklqana
Kikubaaqudgha
Makhleb
Nemelex Xobeh
Okawaru
Qazlal
Ru
Sif Muna
Trog
Uskayaw
Vehumet
Wu Jian
Xom
Yredelemnul
Zin
The Shining One

Shops:
D:3 [

Annotations:
D:8 exclusion: centaur
D:11 Harold
Lair:2 exclusion: downstairs


Innate Abilities, Weirdness & Mutations

You are very small and have problems with some larger weapons.
You are too small for most types of armour.
You have supernaturally acute eyesight. (SInv)
You cover ground extremely quickly. (Speed+++)


Message History

Okay, then.
Unknown command.
Your +2 dagger of venom begins to drip with poison!
h - a +2 dagger of venom (weapon)
The wind drake bites you!
You miss the wind drake.
The wind drake is severely wounded.
The wind drake flaps its wings at you. The air twists around and strikes you!
The wind drake exhales a fierce blast of wind!
You are blown backwards!
It was a potion of degeneration.
There was something very wrong with that liquid.
You feel weakened.
You have lost your strength.
You feel dopey.
You feel clumsy.
You can move again.
It was a potion of berserk rage.
A red film seems to cover your vision as you go berserk!
You feel yourself moving faster!
You feel mighty!
Unknown command.
You are too berserk!
You feel a strong urge to attack something.
The wind drake bites you!
You hit the wind drake.
The wind drake is poisoned.
The wind drake is severely wounded.
The wind drake closely misses you.
You miss the wind drake.
The wind drake is severely wounded.
The wind drake flaps its wings at you. The air twists around and strikes you!
* * * LOW HITPOINT WARNING * * *
The wind drake exhales a fierce blast of wind!
You are blown backwards!
You feel a strong urge to attack something.
You are no longer berserk.
You are exhausted.
You feel yourself slow down. The wind drake flaps its wings at you.
The air twists around and strikes you!
You die...

..# #....###.....# .......#....
.## #...###P....###...≈≈≈≈≈##..
..## ##...###..........≈≈≈≈≈ ≈≈
..P####P..# #..........≈≈≈≈ ≈≈
.....##...####..........≈≈≈≈ ≈≈
#....#.#..P#.......#....≈≈≈≈≈ ≈≈
........................≈≈≈≈≈ ≈≈
.....P#.##.###..........≈≈≈≈≈≈≈≈
#...####.### ###@...P..........
#...## ## #....P....#....#
#....# #.k......##....### .....#
#........#........ #....#
####....##........ #...##
#...####....... ###.#
#...........### ###
#.............# #........†.....


You could see a wind drake (repels missiles, very poisoned, catching breath).

Vanquished Creatures
  A hydra (Lair:1)
  2 two-headed ogres
  A manticore (Lair:3)
  3 cane toads
  4 komodo dragons
  3 rime drakes
  A hornet (D:8)
  7 blink frogs
  A wyvern (Lair:3)
  Eustachio (D:5)
  8 yaks
  2 steam dragons (D:6)
  Menkaure (D:7)
  Edmund (D:6)
  Duvessa (D:5)
  4 water moccasins
  3 black bears
  2 orc warriors
  3 ogres
  2 necrophages
  21 wolves
  A centaur (D:6)
  A phantom (D:6)
  4 bullfrogs
  A kobold brigand (D:8)
  A wyvern zombie (D:9)
  A scorpion (D:5)
  A wyvern skeleton (D:6)
  Dowan (D:5)
  2 jellies
  A centaur zombie (D:9)
  3 orc priests
  A hound (D:4)
  An iguana (D:7)
  Ijyb (D:5)
  5 orc wizards
  Natasha (thrice) (D:2)
  A hound zombie (D:5)
  A hound skeleton (D:5)
  8 mummies (Ossuary)
  A howler monkey skeleton (D:4)
  4 gnolls (D:5)
  6 adders
  2 ufetubi
  An adder skeleton (D:4)
  2 worms
  15 orcs
  3 bats
  4 endoplasms
  A giant cockroach (D:2)
  3 gnoll zombies (Ossuary)
  3 goblins
  7 hobgoblins
  2 quokkas
  6 ball pythons
  3 frilled lizards
  3 hobgoblin zombies (Ossuary)
  15 kobolds
  2 kobold zombies (Ossuary)
  3 rats
196 creatures vanquished.

Vanquished Creatures (others)
  19 fungi
  83 plants
102 creatures vanquished.

Grand Total: 298 creatures vanquished

Notes
Turn   | Place    | Note
-------+----------+-------------------------------------------
     0 | D:1      | capybara the Spriggan Conjurer began the quest for the Orb.
     0 | D:1      | Reached XP level 1. HP: 9/9 MP: 5/5
   836 | D:1      | D:1
   888 | D:2      | Reached XP level 2. HP: 13/13 MP: 4/6
  1035 | D:2      | Found a faded altar of an unknown god.
  1422 | D:2      | Noticed Natasha
  1932 | D:2      | Noticed a crimson imp
  1938 | D:2      | Killed Natasha
  1939 | D:2      | Reached XP level 3. HP: 13/16 MP: 5/8
  2247 | D:2      | Noticed Natasha
  2251 | D:2      | Killed Natasha
  2252 | D:2      | Reached XP level 4. HP: 11/21 MP: 4/9
  2705 | D:2      | Noticed Natasha
  2716 | D:2      | Killed Natasha
  3014 | D:3      | Found Ylijur's Antique Armour Emporium.
  3050 | D:3      | Reached XP level 5. HP: 12/24 MP: 8/11
  4255 | D:3      | Learned a level 2 spell: Searing Ray
  4478 | D:3      | Learned a level 3 spell: Stone Arrow
  5108 | D:4      | Reached skill level 4 in Stealth
  5136 | D:4      | Learned a level 4 spell: Animate Armour
  5260 | D:4      | Noticed a water moccasin
  5271 | D:4      | Killed a water moccasin
  5272 | D:4      | Reached XP level 6. HP: 18/28 MP: 6/14
  5995 | D:4      | Reached skill level 1 in Earth Magic
  6460 | D:4      | Found an ornate altar of the Wu Jian Council.
  6515 | D:5      | Entered Level 5 of the Dungeon
  6515 | D:5      | Noticed Eustachio
  6809 | D:5      | Reached skill level 5 in Spellcasting
  6922 | D:5      | Noticed Duvessa
  6922 | D:5      | Noticed Dowan
  6963 | D:5      | Killed Eustachio
  6964 | D:5      | Reached skill level 5 in Stealth
  6964 | D:5      | Reached XP level 7. HP: 32/32 MP: 4/15
  7114 | D:5      | Reached skill level 5 in Conjurations
  7358 | D:5      | Killed Dowan
  7582 | D:5      | Noticed a two-headed ogre
  7610 | D:5      | Killed a two-headed ogre
  7611 | D:5      | Reached skill level 5 in Dodging
  7611 | D:5      | Reached skill level 6 in Stealth
  7611 | D:5      | Reached XP level 8. HP: 36/36 MP: 4/18
  8136 | D:5      | Noticed Ijyb
  8165 | D:5      | Killed Duvessa
  8166 | D:5      | Reached skill level 7 in Stealth
  8209 | D:5      | Killed Ijyb
  8987 | D:6      | Found a sand-covered staircase.
  8992 | Ossuary  | Entered an ossuary
 10237 | D:6      | Reached XP level 9. HP: 39/39 MP: 16/20
 11135 | D:6      | Noticed Edmund
 11164 | D:6      | Killed Edmund
 11165 | D:6      | Reached skill level 8 in Stealth
 12224 | D:7      | Noticed Menkaure
 12227 | D:7      | Killed Menkaure
 12814 | D:7      | Reached skill level 9 in Stealth
 13100 | D:7      | Found a staircase to the Ecumenical Temple.
 13209 | Temple   | Entered the Ecumenical Temple
 13465 | Temple   | Became a worshipper of Vehumet
 14560 | D:8      | Reached XP level 10. HP: 44/44 MP: 13/22
 15509 | D:8      | Noticed a two-headed ogre
 15577 | D:8      | Killed a two-headed ogre
 15578 | D:8      | Reached skill level 5 in Earth Magic
 16118 | D:8      | You fall into a shaft and drop 3 floors!
 16118 | D:11     | Noticed Harold
 16118 | D:11     | Noticed a two-headed ogre
 16144 | D:10     | Entered Level 10 of the Dungeon
 16514 | D:8      | Reached skill level 10 in Stealth
 16846 | D:8      | Found a staircase to the Lair.
 17479 | Lair:1   | Entered Level 1 of the Lair of Beasts
 17494 | Lair:1   | Found a frozen archway.
 17498 | Lair:1   | Reached skill level 1 in Summonings
 17562 | IceCv    | Entered an ice cave
 17694 | Lair:1   | Noticed a seven-headed hydra
 17696 | Lair:1   | Noticed a cane toad
 17726 | Lair:1   | Killed a cane toad
 17818 | Lair:1   | Killed a seven-headed hydra
 18265 | Lair:1   | Reached XP level 11. HP: 47/47 MP: 18/24
 18582 | D:8      | Reached skill level 11 in Stealth
 20536 | Lair:2   | Reached * piety under Vehumet
 20536 | Lair:2   | Offered knowledge of Sandblast by Vehumet.
 21647 | Lair:3   | Found a staircase to the Shoals.
 21676 | Lair:3   | Reached skill level 10 in Dodging
 22243 | Lair:3   | Lost strength.
 22251 | Lair:3   | Killed from afar by a wind drake

Illustrated notes

#.# #..........≈≈#≈≈...........
#.# #..#.#.##..≈≈#≈≈###..###...
#.# #......##..≈≈#≈≈.........##
#.# #.##.####..≈≈≈≈≈###..###...
#.####.##.####.#≈###≈# #..# ##..
#...............≈≈≈≈≈###..####..
######.##.####.###........)....#
#.........####..#########.#
####......@...............#
########################


Turn 836 on D:1: D:1

Levels and vault maps discovered:
D:1:      ncdulo_watergridlock, layout_loops_ring, corexii_hall_statues_i,
          minmay_crystal_water
D:2:      layout_basic, basic_ecumenical_altar, minivault_14, uniq_natasha
D:3:      layout_basic, serial_bayou, serial_bayou_shore_b, serial_bayou_pond_e,
          serial_bayou_lake_a, serial_bayou_shore_a, serial_bayou_pond_a,
          serial_bayou_pond_b, serial_shops, shop, minmay_bisected
D:4:      layout_cave_pools, pdpol_wu_jian_five_deadly_venoms
D:5:      layout_rooms, cheibrodos_sewer_entry_bend, uniq_eustachio,
          uniq_duvessa, uniq_ijyb
D:6:      layout_basic, enter_ossuary_2, uniq_edmund
D:7:      layout_basic, temple_green, hex_medium, uniq_menkaure
D:8:      layout_basic, david_lair_shrubbed, skrybe_limestone_x
D:9:      layout_long_grid, minmay_crystal_room
D:10:     minmay_shrinking_squares, layout_irregular_city,
          kennysheep_cross_bottleneck, hangedman_tell_no_tales, uniq_psyche,
          uniq_sonja, uniq_joseph
D:11:     layout_basic, uniq_harold
Temple:   nicolae_temple_the_god_donut
Lair:1:   layout_roguey, portal_ice_cave_rime
Lair:2:   layout_chaotic_city
Lair:3:   beast_lair_carwin_large_1, layout_gridlike,
          minmay_shoals_entry_beasts, infiniplex_staircase_pool,
          serial_bayou_shore_b, grunt_megastairs_4

Skill      XL: |  1  2  3  4  5  6  7  8  9 10 11 |
---------------+----------------------------------+-----
Conjurations   | 3 4 5 6 7 8 9 |  9.3
Spellcasting   | 3 4 5 6 7 8 |  8.4
Stealth        | 4 5 6 7 9 10 11 | 11.9
Dodging        | 3 4 5 6 7 9 10 | 10.1
Earth Magic    | 1 3 4 5 6 |  6.6
Summonings     | 2 3 |  3.4

Action                   |  1- 3 |  4- 6 |  7- 9 | 10-12 || total
-------------------------+-------+-------+-------+-------++-------
Melee: Dagger            |    10 |    21 |    24 |    20 ||    75
 Cast: Magic Dart        |    44 |    87 |    71 |    50 ||   252
       Searing Ray       |       |    13 |    42 |    24 ||    79
       Stone Arrow       |       |       |    41 |   136 ||   177
       Animate Armour    |       |       |       |     2 ||     2
  Use: Scroll            |       |       |     6 |     3 ||     9
       Potion            |       |       |     9 |     2 ||    11
 Stab: Sleeping          |     1 |       |       |       ||     1
       Distracted        |       |     1 |       |       ||     1
Armor: Robe              |       |     3 |     5 |     6 ||    14
Dodge: Dodged            |     6 |    27 |    45 |    89 ||   167

Table legend: (Time is in decaauts)
 A = Elapsed time spent in this place.
 B = Non-inter-level travel time spent in this place.
 C = Inter-level travel time spent in this place.
 D = Time resting spent in this place.
 E = Time spent auto-exploring this place.
 F = Levels seen in this place.
 G = Mean time per level.
                   A        B        C        D        E       F      G
               +--------+--------+--------+--------+--------+-----+--------+
         Total |  18610 |  18270 |    340 |  11310 |   4368 |  17 | 1094.7 |
       Dungeon |  13977 |  13765 |    212 |   8566 |   3479 |  11 | 1270.6 |
        Temple |    162 |    151 |     11 |      0 |    139 |   1 |  162.0 |
          Lair |   3491 |   3375 |    116 |   1959 |    666 |   3 | 1163.7 |
       Ossuary |    973 |    973 |      0 |    784 |     82 |   1 |  973.0 |
      Ice Cave |      5 |      5 |      0 |      0 |      0 |   1 |    5.0 |
               +--------+--------+--------+--------+--------+-----+--------+

Top non-repeatable levels by time:
     D:8: 3173 daAuts
     D:4: 2192 daAuts
  Lair:2: 1813 daAuts
     D:2: 1782 daAuts
     D:6: 1712 daAuts
     D:5: 1602 daAuts
     D:3: 1454 daAuts
  Lair:1: 1434 daAuts
     D:7: 1359 daAuts
 Ossuary: 973 daAuts
     D:1: 624 daAuts
  Lair:3: 243 daAuts
  Temple: 162 daAuts
     D:9: 53 daAuts
    D:11: 16 daAuts
